 Dungeon Crawl Stone Soup version 0.27-a0-1591-gc56fcc985a (webtiles) character file.

Game seed: 8185958935287706975

245 robertstho the Magician (level 6, -13/40 HPs)
             Began as a Djinni Fire Elementalist on July 19, 2021.
             Splashed by Ijyb's acid (14 damage)
             ... on level 3 of the Dungeon.
             The game lasted 00:05:43 (3526 turns).

robertstho the Magician (Djinni Fire Elementalist)  Turns: 3526, Time: 00:05:47

Health: -13/40     AC: -1    Str:  7    XL:     6   Next: 32%
Gold:   12         EV: 13    Int: 19    God:
                   SH:  0    Dex: 13

rFire    + + .     SeeInvis .   b - +1 whip (venom)
rCold    x . .     Faith    .   (no shield)
rNeg     . . .     Spirit   .   a - +0 robe
rPois    ∞         Reflect  .   g - +0 helmet
rElec    .         Harm     .   (no cloak)
rCorr    .         Rampage  .   (no gloves)
Will     .....                  (boots unavailable)
Stlth    ++........             (no amulet)
HPRegen  0.13/turn              (no ring)
MPRegen  0.00/turn              (no ring)

@: mighty, weak-willed, corroded, flying
A: sickness immunity, fire resistance 2, cold vulnerability 1, float, innate
caster, hp casting, extra vitality 1
a: no special abilities


You were on level 3 of the Dungeon.
You visited 1 branch of the dungeon, and saw 3 of its levels.

You collected 32 gold pieces.
You spent 20 gold pieces at shops.

Inventory:

Hand Weapons
 b - a +1 whip of venom (weapon)
Armour
 a - a +0 robe (worn)
 g - a +0 helmet (worn)
Scrolls
 e - 3 scrolls of enchant weapon
Potions
 d - 2 potions of haste {unknown}
 f - 2 potions of heal wounds {unknown}


   Skills:
 + Level 0.1 Fighting
 + Level 3.2 Dodging
 + Level 2.2 Stealth
 + Level 4.5 Spellcasting


You couldn't memorise any spells.
You knew the following spells:

 Your Spells              Type           Power      Damage    Failure   Level
a - Foxfire               Conj/Fire      84%        2x1d8     1%          1
b - Conjure Flame         Conj/Fire      21%        6-21      6%          3
c - Inner Flame           Hex/Fire       21%        N/A       6%          3
d - Sticky Flame          Conj/Fire      21%        2d4       21%         4
e - Fireball              Conj/Fire      10%        3d6       50%         5
f - Magic Dart            Conj           84%        1d7       1%          1
g - Passwall              Tmut/Erth      17%        N/A       3%          2
Your spell library was empty.

Dungeon Overview and Level Annotations

Branches:
Dungeon (3/15)

Altars:

Shops:
D:2 ***?(

Annotations:
D:3 Ijyb


Innate Abilities, Weirdness & Mutations

You are immune to sickness and miasma.
You are immune to poison.
Your flesh is very heat resistant. (rF++)
You are vulnerable to cold. (rC-)
You float through the air rather than walking.
You learn spells naturally, not from books.
Your magical power is your life essence.
You have superior vitality. (+4 HP)


Message History

The foxfire hits the quokka.
The quokka is heavily wounded.
The quokka bites you.
Casting: Foxfire (safe; 1% risk of failure)
Press: ? - help, Q - select action, (/) - cycle Dir - look around, f - activate You conjure some foxfire!
The foxfire hits the quokka.
You kill the quokka!
Unknown command.
Your foxfire dissipates! x2
Your foxfire dissipates! x2
Ijyb the Twisted Goblin comes into view.
She is wielding a +0 dagger and carrying a wand of acid (5).
Ijyb zaps a wand.
The bolt of acid hits you!!
* * * LOW HITPOINT WARNING * * *
The acid corrodes you!
You are splashed with acid!
* * * LOW HITPOINT WARNING * * *
A jackal comes into view.
You see here 10 gold pieces.
The jackal barks!
You hit Ijyb.
Ijyb is poisoned.
Ijyb is lightly wounded.
Ijyb closely misses you.
It was a potion of curing.
You feel better.
Ijyb zaps a wand.
The bolt of acid misses you.
You feel better.
Ijyb zaps a wand.
The bolt of acid misses you.
As you read the scroll labelled ANOUFU ONNAB, it crumbles to dust.
Magic quickly surges around you.
It was a scroll of vulnerability.
Ijyb barely misses you.
You aren't carrying any items that you can evoke.
Okay, then.
It was a potion of might.
You feel very mighty all of a sudden. Ijyb closely misses you.
You closely miss Ijyb.
Ijyb is moderately wounded.
Ijyb zaps a wand.
The bolt of acid hits you!!
Ouch! That really hurt!
* * * LOW HITPOINT WARNING * * *
You are splashed with acid!
You die...

... ...... ..# #..#
#.#......# ..# #
#.#§##...# #.# .#.
##........####.# ....
............... #...
#†.†.....§.....
#....####..............
#...hg@................
.....######............#
..........§.....##.....#
. ...######.....##......
###.....###........
#..................
#.#.....###........ #
#.....# #........
#.....# #........


You could see Ijyb (poisoned, weak-willed) and a jackal (weak-willed).

Vanquished Creatures
  Sigmund (D:2)
  Robin (D:2)
  2 adders
  3 dart slugs
  7 ball pythons
  An endoplasm (D:1)
  2 giant cockroaches (D:2)
  13 goblins
  3 hobgoblins (D:2)
  2 jackals (D:3)
  8 kobolds
  3 quokkas
  6 bats
  4 frilled lizards
  6 rats
62 creatures vanquished.

Vanquished Creatures (others)
  285 foxfires
285 creatures vanquished.

Grand Total: 347 creatures vanquished

Notes
Turn   | Place    | Note
-------+----------+-------------------------------------------
     0 | D:1      | robertstho the Djinni Fire Elementalist began the quest for
                  | the Orb.
     0 | D:1      | Reached XP level 1. HP: 15/15 MP: 0/0
   453 | D:1      | Reached XP level 2. HP: 19/21 MP: 0/0
  1088 | D:1      | Reached skill level 3 in Spellcasting
  1232 | D:1      | Reached XP level 3. HP: 24/25 MP: 0/0
  1232 | D:1      | Learned a level 1 spell: Magic Dart
  2149 | D:2      | Noticed Sigmund
  2166 | D:2      | Killed Sigmund
  2167 | D:2      | Reached skill level 4 in Spellcasting
  2167 | D:2      | Reached XP level 4. HP: 7/31 MP: 0/0
  2167 | D:2      | Reached XP level 5. HP: 8/35 MP: 0/0
  2167 | D:2      | Learned a level 2 spell: Passwall
  2167 | D:2      | Reached XP level 6. HP: 10/40 MP: 0/0
  2449 | D:2      | Found Ynot's Magic Scroll Boutique.
  2558 | D:2      | Found Wagoc's Weapon Emporium.
  2806 | D:2      | Found Alobikun's Assorted Antiques.
  2835 | D:2      | Found Ovoackuc's General Store.
  2843 | D:2      | Bought a scroll of identify for 20 gold pieces
  2902 | D:2      | Found Tagh's General Store.
  2990 | D:2      | Noticed Robin
  2996 | D:2      | Killed Robin
  3518 | D:3      | Noticed Ijyb
  3526 | D:3      | HP: 1/40 [Ijyb/bolt of acid (22)]
  3526 | D:3      | Splashed by Ijyb's acid

Illustrated notes

Levels and vault maps discovered:
D:1:      matt_arrival_refuge, layout_basic, grunt_decor_cap,
          corexii_item_surrounded_by_moat, dk_noncrumbling_3
D:2:      layout_loops_cross, serial_shops, shop, shop, nicolae_diamond_shop,
          shop, nicolae_shop_statue_plus, uniq_sigmund, uniq_robin
D:3:      layout_basic, minmay_misc_feat_doors, uniq_ijyb,
          uniq_crazy_yiuf_cottage, uniq_terence

Skill      XL: |  1  2  3  4  5  6 |
---------------+-------------------+-----
Spellcasting   | 3 4 |  4.5
Stealth        | 2 |  2.2
Dodging        | 3 |  3.2
Fighting       | |  0.1

Action                   |  1- 3 |  4- 6 || total
-------------------------+-------+-------++-------
Melee: Whip              |       |     5 ||     5
 Cast: Foxfire           |   105 |    71 ||   176
  Use: Scroll            |       |     3 ||     3
       Potion            |       |     3 ||     3
 Stab: Sleeping          |       |     1 ||     1
Armor: Robe              |     2 |     2 ||     4
Dodge: Dodged            |     6 |    10 ||    16

Table legend: (Time is in decaauts)
 A = Elapsed time spent in this place.
 B = Non-inter-level travel time spent in this place.
 C = Inter-level travel time spent in this place.
 D = Time resting spent in this place.
 E = Time spent auto-exploring this place.
 F = Levels seen in this place.
 G = Mean time per level.
                   A        B        C        D        E       F      G
               +--------+--------+--------+--------+--------+-----+--------+
         Total |   3525 |   3489 |     36 |    227 |   2864 |   3 | 1175.0 |
       Dungeon |   3525 |   3489 |     36 |    227 |   2864 |   3 | 1175.0 |
               +--------+--------+--------+--------+--------+-----+--------+

Top non-repeatable levels by time:
     D:1: 1763 daAuts
     D:2: 1515 daAuts
     D:3: 246 daAuts
